 Dungeon Crawl Stone Soup version 0.32-a0-900-g30fb1b0edc (webtiles) character file.

Game seed: 12776486219498600525

48 Heh the Chopper (level 3, -9/27 (29) HPs)
             Began as a Coglin Monk on Apr 5, 2024.
             Mangled by Crazy Yiuf
             ... wielding a +4 quarterstaff of chaos
              (14 damage)
             ... on level 2 of the Dungeon.
             The game lasted 00:02:56 (1481 turns).

Heh the Chopper (Coglin Monk)                       Turns: 1481, Time: 00:02:57

HP:   -9/27 (29)    AC:  5    Str: 13    XL:     3   Next: 72%
MP:   3/3           EV: 10    Int:  9    God:
Gold: 118           SH:  0    Dex: 16    Spells: 2/2 levels left

rFire   . . .        a - +0 hand axe {Xochitl}
rCold   . . .        l - +0 dagger {Suthep}
rNeg    . . .        k - +0 ring mail
rPois   .            (no helmet)
rElec   .            (no cloak)
rCorr   .            (no gloves)
SInv    .            (no boots)
Will    .....        (amulet unavailable) Stlth
                     (ring unavailable)
HPRegen 0.24/turn    (ring unavailable)
MPRegen 0.08/turn    (no gizmo)

%: no passive effects
@: confused, ambrosia-drunk, drained, revved
A: off-hand wielding, slow wielding, warmup strikes, no jewellery
a: Invent Gizmo


You were on level 2 of the Dungeon.
You visited 1 branch of the dungeon, and saw 2 of its levels.

You collected 118 gold pieces.

Inventory:

Hand Weapons
 a - a +0 hand axe (weapon) {Xochitl}
 l - a +0 dagger (offhand) {Suthep}
 p - a +0 battleaxe {Edmée}
Armour
 b - a +0 robe
 d - an orb of light
 i - a +0 chain mail
 k - a +0 ring mail (worn)
Scrolls
 e - 2 scrolls of summoning {unknown}
 f - a scroll of fear {unknown}
 g - 2 scrolls of enchant weapon {unknown}
 h - a scroll of fog {unknown}
 j - a scroll of identify {unknown}
 o - a scroll of immolation {unknown}
Potions
 c - a potion of ambrosia
 m - a potion of attraction {unknown}
 n - a potion of curing {unknown}


   Skills:
 - Level 3.0 Fighting
 + Level 4.6 Axes
 - Level 2.6 Dodging


You had 2 spell levels left.
You didn't know any spells.
Your spell library contained the following spells:

 Spells                   Type           Power      Damage    Failure   Level
 Magic Dart               Conj           0%         1d3       65%         1
 Searing Ray              Conj           0%         2d4       80%         2
 Fulminant Prism          Conj/Alch      0%         3d5       100%        4


Dungeon Overview and Level Annotations

Branches:
Dungeon (2/15)

Altars:

Shops:
D:1 [

Annotations:
D:2 Crazy Yiuf


Innate Abilities, Weirdness & Mutations

You can wield a second weapon in your off-hand.
It takes a long time for you to wield or remove held weapons.
Your first few attacks do less damage.
You cannot equip rings or amulets.


Message History

No target in view!
No target in view!
No target in view!
Crazy Yiuf shouts!
Crazy Yiuf laughs, "Earwax dark meccalolo!"
Crazy Yiuf whimpers, "Shower!
Cards agre hand."
Could not explore, unopened runed door.
You open the door. You hit Crazy Yiuf but do no damage.
You hit Crazy Yiuf with your +0 dagger.
Crazy Yiuf flaps his cloak.
Crazy Yiuf hits you with a +4 quarterstaff of chaos.
You feel drained.
You closely miss Crazy Yiuf with your +0 hand axe.
Crazy Yiuf is lightly wounded.
You barely miss Crazy Yiuf with your +0 dagger.
Crazy Yiuf hits you with a +4 quarterstaff of chaos.
You feel drained.
You hit Crazy Yiuf with your +0 hand axe.
Crazy Yiuf is moderately wounded.
You hit Crazy Yiuf with your +0 dagger. Crazy Yiuf barely misses you.
You barely miss Crazy Yiuf with your +0 dagger.
Crazy Yiuf is moderately wounded.
You hit Crazy Yiuf but do no damage.
Crazy Yiuf hits you with a +4 quarterstaff of chaos!
* * * LOW HITPOINT WARNING * * *
Crazy Yiuf freezes you.
* * * LOW HITPOINT WARNING * * *
You are confused.
You feel invigorated.
Crazy Yiuf grits, "Lugonu light toodlewoodle!"
Crazy Yiuf closely misses you.
You barely miss Crazy Yiuf with your +0 hand axe.
Crazy Yiuf is moderately wounded.
You closely miss Crazy Yiuf with your +0 dagger.
Crazy Yiuf hits you with a +4 quarterstaff of chaos!
* * * LOW HITPOINT WARNING * * *
You bump into the tree.
Crazy Yiuf hits you with a +4 quarterstaff of chaos!
Ouch! That really hurt!
You die...

## #. #. #.
####♣♣ ### #.
##....♣♣ ♣♣#..)#
#.
#....P.♣♣♣♣@g...#
#.
#....P..♣..♣#...#
###### #.
#.#....♣.♣♣♣ ###
#....# #.
#.###♣♣♣♣♣
#....####. #..#
#.......#. ##.#
#####
#######......#.
#.###...#
#.....'......#.
#..##...#
#...###......#.
##......#
#..........#.#.


You could see Crazy Yiuf.

Vanquished Creatures
  An adder (D:2)
  A dart slug (D:1)
  4 ball pythons
  3 endoplasms (D:1)
  2 giant cockroaches
  4 hobgoblins (D:2)
  A kobold (D:2)
  A quokka (D:2)
  3 bats (D:1)
  3 frilled lizards (D:1)
  8 goblins
  2 rats
33 creatures vanquished.

Notes
Turn   | Place    | Note
-------+----------+-------------------------------------------
     0 | D:1      | Heh the Coglin Monk began the quest for the Orb.
     0 | D:1      | Reached XP level 1. HP: 18/18 MP: 1/1
    78 | D:1      | Reached XP level 2. HP: 19/24 MP: 2/2
   393 | D:1      | Found Sekihiq's Antique Armour Boutique.
   453 | D:1      | Reached skill level 4 in Axes
   661 | D:2      | Reached XP level 3. HP: 29/29 MP: 3/3
  1050 | D:2      | Found a runed translucent door.
  1051 | D:2      | Noticed Crazy Yiuf
  1481 | D:2      | Mangled by Crazy Yiuf

Illustrated notes

Levels and vault maps discovered:
D:1:      dpeg_arrival_rooms_b, layout_basic, serial_shops, shop_fountains
D:2:      layout_basic, nicolae_houndstooth_variations, uniq_crazy_yiuf_cottage

Skill      XL: |  1  2 |
---------------+-------+-----
Axes           | 4 |  4.6
Fighting       | |  3.0
Dodging        | |  2.6

Action                     || total
---------------------------++-------
  Melee: Hand axe          ||    62
         Dagger            ||    14
         Battleaxe         ||    14
    Use: Potion            ||     1
 Armour: Robe              ||    17
         Ring mail         ||    30
         Chain mail        ||     1
  Dodge: Dodged            ||    40

Table legend: (Time is in decaauts)
 A = Elapsed time spent in this place.
 B = Non-inter-level travel time spent in this place.
 C = Inter-level travel time spent in this place.
 D = Time resting spent in this place.
 E = Time spent auto-exploring this place.
 F = Levels seen in this place.
 G = Mean time per level.
                   A        B        C        D        E       F      G
               +--------+--------+--------+--------+--------+-----+--------+
         Total |   1493 |   1459 |     34 |      0 |   1164 |   2 |  746.5 |
       Dungeon |   1493 |   1459 |     34 |      0 |   1164 |   2 |  746.5 |
               +--------+--------+--------+--------+--------+-----+--------+

Top non-repeatable levels by time:
     D:2: 838 daAuts
     D:1: 655 daAuts
